 Dungeon Crawl Stone Soup version 0.28-a0-461-g2dc4ca5097 (webtiles) character file.

Game seed: 5566010521519926106

121 olmar the Magician (level 5, -3/35 HPs)
             Began as a Djinni Hedge Wizard on Sept 14, 2021.
             Was a Believer of Fedhas.
             Slain by a steam dragon (5 damage)
             ... on level 4 of the Dungeon.
             The game lasted 00:07:09 (3695 turns).

olmar the Magician (Djinni Hedge Wizard)            Turns: 3695, Time: 00:07:10

Health: -3/35      AC:  2    Str: 15    XL:     5   Next: 26%
Gold:   58         EV: 12    Int: 16    God:    Fedhas [**....] SH:  0 Dex: 13

rFire   + + .      SeeInvis .   j - +1 short sword (protect)
rCold   x . .      Faith    .   (no shield)
rNeg    . . .      Spirit   .   b - +0 robe
rPois   ∞          Reflect  .   c - +0 hat
rElec   .          Harm     .   (no cloak)
rCorr   .          Rampage  .   (no gloves)
Will    .....                   (boots unavailable)
Stlth   ++........              (no amulet)
HPRegen 0.11/turn               d - +6 ring of strength
MPRegen 0.00/turn               (no ring)

@: flying
A: sickness immunity, fire resistance 2, cold vulnerability 1, float, innate
caster, hp casting, extra vitality 1
a: Renounce Religion, Wall of Briars


You were on level 4 of the Dungeon.
You worshipped Fedhas.
Fedhas was pleased with you.
You visited 1 branch of the dungeon, and saw 4 of its levels.

You collected 58 gold pieces.

Inventory:

Hand Weapons
 a - a +0 dagger
 j - a +1 short sword of protection (weapon)
Armour
 b - a +0 robe (worn)
 c - a +0 hat (worn)
Jewellery
 d - a +6 ring of strength (left hand)
 l - an amulet of faith
Scrolls
 e - 3 scrolls of enchant weapon
 f - a scroll of teleportation {unknown}
 g - a scroll of fog {unknown}
 h - 3 scrolls of identify {unknown}
 i - a scroll of magic mapping {unknown}
 k - a scroll of enchant armour {unknown}


   Skills:
 + Level 0.3 Fighting
 + Level 0.8 Short Blades
 + Level 2.6 Dodging
 - Level 1.5 Stealth
 + Level 4.0 Spellcasting


You couldn't memorise any spells.
You knew the following spells:

 Your Spells              Type           Power      Damage    Failure   Level
a - Magic Dart            Conj           64%        1d6       3%          1
b - Blink                 Tloc           N/A        N/A       4%          2
c - Call Imp              Summ           16%        N/A       4%          2
d - Slow                  Hex            16%        N/A       4%          2
e - Conjure Flame         Conj/Fire      16%        6-21      10%         3
f - Mephitic Cloud        Conj/Pois/Air  16%        N/A       10%         3
g - Freeze                Ice            64%        1d8       3%          1
h - Corpse Rot            Necr/Air       N/A        N/A       4%          2
Your spell library was empty.

Dungeon Overview and Level Annotations

Branches:
Dungeon (3/15)

Altars:
Fedhas
Qazlal


Innate Abilities, Weirdness & Mutations

You are immune to sickness and miasma.
You are immune to poison.
Your flesh is very heat resistant. (rF++)
You are vulnerable to cold. (rC-)
You float through the air rather than walking.
You learn spells naturally, not from books.
Your magical power is your life essence.
You have superior vitality. (+4 HP)


Message History

Confirm with . or Enter, or press ? or * to list all spells.
Okay, then.
Casting: Freeze (safe; 3% risk of failure)
Confirm with . or Enter, or press ? or * to list all spells.
A beastly little devil appears in a puff of frigid air.
The adder closely misses you.
The orc hits you from afar with a +0 trident.
* * * LOW HITPOINT WARNING * * *
Unknown command.
Unknown command.
The adder closely misses you.
Your white imp hits the adder.
Your white imp freezes the adder.
The adder seems to slow down.
You miss the adder.
The adder is severely wounded.
The adder bites you but does no damage.
The orc hits you from afar with a +0 trident.
* * * LOW HITPOINT WARNING * * *
Your white imp gestures at the adder.
The puff of frost hits the adder!
The adder dies!
Fedhas appreciates your contribution to the ecosystem.
Your white imp misses the orc.
Okay, then.
A steam dragon comes into view.
Found a book of Debilitation.
The steam dragon hisses angrily.
Found a stormy altar of Qazlal.
The steam dragon breathes steam at you. The ball of steam hits you. You resist.
* * * LOW HITPOINT WARNING * * *
You hear a shout!
Found 2 smoky brown potions and 13 gold pieces.
As you read the scroll labelled LITEZX ZOAFEPS, it crumbles to dust.
It is a scroll of enchant weapon.
Your +0 short sword of protection glows red for a moment.
The steam dragon bites you.
* * * LOW HITPOINT WARNING * * *
The steam dragon claws you.
You die...
Fedhas appreciates your contribution to the ecosystem.

######.......### ..
..............# .!
####..........# .#
##..†......# .#
#........5###.##
...........o§§..##
####.......§§§§§..#
#.$.......##D##..#
#.......?..#@# .
#........#.....#
........##...##
....... .._..
.....:##...## .....
.#.#$ .##.##.


You could see a steam dragon.

Vanquished Creatures
  4 adders
  A dart slug (D:2)
  7 ball pythons
  8 endoplasms
  4 giant cockroaches
  9 hobgoblins
  3 jackals (D:3)
  6 kobolds
  A quokka (D:2)
  3 bats
  8 goblins
  7 rats
61 creatures vanquished.

Vanquished Creatures (collateral kills)
  An adder (D:4)
  An orc (D:3)
  A hobgoblin (D:4)
3 creatures vanquished.

Vanquished Creatures (others)
  An orc (D:4)
1 creature vanquished.

Grand Total: 65 creatures vanquished

Notes
Turn   | Place    | Note
-------+----------+-------------------------------------------
     0 | D:1      | olmar the Djinni Hedge Wizard began the quest for the Orb.
     0 | D:1      | Reached XP level 1. HP: 15/15 MP: 0/0
   399 | D:1      | Reached XP level 2. HP: 20/21 MP: 0/0
   932 | D:1      | Reached skill level 3 in Spellcasting
  1010 | D:1      | Found a faded altar of an unknown god.
  1035 | D:1      | Became a worshipper of Fedhas Madash
  1035 | D:1      | Reached * piety under Fedhas
  1117 | D:1      | Reached XP level 3. HP: 22/25 MP: 0/0
  1117 | D:1      | Learned a level 1 spell: Freeze
  2421 | D:2      | Reached ** piety under Fedhas
  2422 | D:2      | Reached XP level 4. HP: 28/31 MP: 0/0
  3574 | D:3      | Reached XP level 5. HP: 30/35 MP: 0/0
  3574 | D:3      | Learned a level 2 spell: Corpse Rot
  3663 | D:3      | You are sucked into a shaft and drop 1 floor!
  3680 | D:4      | Reached skill level 4 in Spellcasting
  3690 | D:4      | Noticed a steam dragon
  3692 | D:4      | Found a stormy altar of Qazlal.
  3695 | D:4      | Slain by a steam dragon

Illustrated notes

Levels and vault maps discovered:
D:1:      tarquinn_simple_flora_water_c, layout_basic,
          hellmonk_ecumenical_altar_crossroads, serial_bayou_pond_e,
          chequers_mini_garden, grunt_decor_mini_mirrors, minivault_24
D:2:      layout_basic, minmay_crystal_room, minmay_cut_off
D:3:      layout_loops_cross, vehumet_statue
D:4:      layout_rooms, mainiacjoe_overflow_small_starburst

Skill      XL: |  1  2  3  4  5 |
---------------+----------------+-----
Spellcasting   | 3 4 |  4.0
Fighting       | |  0.3
Short Blades   | |  0.8
Dodging        | |  2.6
Stealth        | |  1.5

Action                   |  1- 3 |  4- 6 || total
-------------------------+-------+-------++-------
Melee: Dagger            |     6 |     8 ||    14
       Short sword       |       |    24 ||    24
 Cast: Magic Dart        |    91 |    38 ||   129
       Call Imp          |       |     4 ||     4
       Freeze            |       |     3 ||     3
  Use: Scroll            |       |     1 ||     1
 Stab: Sleeping          |     1 |     2 ||     3
       Distracted        |       |     1 ||     1
Armor: Robe              |     1 |     9 ||    10
Dodge: Dodged            |     5 |    22 ||    27

Table legend: (Time is in decaauts)
 A = Elapsed time spent in this place.
 B = Non-inter-level travel time spent in this place.
 C = Inter-level travel time spent in this place.
 D = Time resting spent in this place.
 E = Time spent auto-exploring this place.
 F = Levels seen in this place.
 G = Mean time per level.
                   A        B        C        D        E       F      G
               +--------+--------+--------+--------+--------+-----+--------+
         Total |   3694 |   3603 |     91 |   1268 |   2016 |   4 |  923.5 |
       Dungeon |   3694 |   3603 |     91 |   1268 |   2016 |   4 |  923.5 |
               +--------+--------+--------+--------+--------+-----+--------+

Top non-repeatable levels by time:
     D:1: 2025 daAuts
     D:2: 1236 daAuts
     D:3: 400 daAuts
     D:4: 32 daAuts
